 Dungeon Crawl Stone Soup version 0.16.1 (webtiles) character file.

190 Fiveotanaka the Cudgeler (level 5, -6/42 HPs)
             Began as a Minotaur Assassin on Mar 24, 2015.
             Mangled by a goliath beetle (24 damage)
             ... on level 3 of the Dungeon.
             The game lasted 00:05:31 (3588 turns).

Fiveotanaka the Cudgeler (Minotaur Assassin)        Turns: 3588, Time: 00:05:31

Health: -6/42      AC:  6    Str: 15    XL:     5   Next: 41%
Magic:  2/2        EV: 12    Int:  8    God:
Gold:   115        SH:  0    Dex: 13    Spells: 0 memorised, 4 levels left

rFire  . . .     SeeInvis .     p - +0 mace
rCold  . . .     Clarity  .     r - +0 ring mail
rNeg   . . .     SustAb   .     (no shield)
rPois  .         Gourm    .     (helmet restricted)
rElec  .         Spirit   .     d - +0 cloak
rCorr  .         Warding  .     (no gloves)
rMut   .         Stasis   .     (no boots)
MR     .....                    (no amulet)
Stlth  +.........               (no ring)
                                (no ring)

@: not resistant to hostile enchantments, very unstealthy
A: retaliatory headbutt, horns 2
a: no special abilities


You were on level 3 of the Dungeon.
You were hungry.

You visited 1 branch of the dungeon, and saw 3 of its levels.

You collected 115 gold pieces.

Inventory:

Hand weapons
 a - a +2 dagger
 b - a +0 blowgun
 p - a +0 mace (weapon)
Missiles
 e - 45 poisoned needles
 f - 2 curare-tipped needles
Armour
 c - a +0 robe
 d - a +0 cloak (worn)
 r - a +0 ring mail (worn)
Scrolls
 j - a scroll of teleportation {unknown}
 k - a scroll of recharging {unknown}
 m - 6 scrolls of identify {unknown}
 n - a scroll of enchant weapon {unknown}
 q - a scroll of blinking {unknown}
 s - 2 scrolls of enchant armour {unknown}
 t - a scroll of magic mapping {unknown}
 v - a scroll of random uselessness {unknown}
 x - a scroll of noise {unknown}
 y - a scroll of remove curse {unknown}
Potions
 o - a potion of restore abilities {unknown}
 u - a potion of lignification {unknown}
 w - a potion of curing {unknown}
 z - a potion of haste {unknown}
 A - a potion of cure mutation {unknown}
Comestibles
 g - a bread ration
 h - 2 slices of pizza
 i - 4 meat rations


   Skills:
 - Level 2.4 Fighting
 - Level 2.1 Short Blades
 + Level 5.1 Maces & Flails
 - Level 2.0 Throwing
 - Level 3.2 Dodging
 - Level 3.2 Stealth


You had 4 spell levels left.
You didn't know any spells.

Dungeon Overview and Level Annotations

Branches:
Dungeon (3/15)

Altars:
Ashenzari
Gozag

Shops:
D:2 *


Innate Abilities, Weirdness & Mutations

You reflexively headbutt those who attack you in melee.
You have a pair of horns on your head.


Message History

You headbutt the goliath beetle.
The goliath beetle is almost dead.
You start resting.
You are feeling hungry.
The goliath beetle twitches its antennae in your direction.
You hit the goliath beetle but do no damage.
The goliath beetle is severely wounded.
The goliath beetle closely misses you.
You hit the goliath beetle.
The goliath beetle is severely wounded.
You hit the goliath beetle.
The goliath beetle is almost dead.
The goliath beetle bites you!
You hit the goliath beetle but do no damage.
The goliath beetle is almost dead.
You hit the goliath beetle but do no damage.
The goliath beetle is almost dead.
The goliath beetle bites you!!
Ouch! That really hurt!
You die...

...<....................)........
.#.##.#.##..##.#.#..##.##........
.#.##.#.....##B#.#..##.##........
....B.......##.#.#..##.##........
.#.#...........#.#..##.#...####..
.#....#####.####.#.....#...# #.#
.#...........# #.#.#####...####.#
.#...........###B#.##......'.....
.#............##@#.##.##...####.#
.#..........#.##.#.##.#######...#
............#.##.#.##[# #......
.#..........#.##.#.##.# #.#.###
.'..........#..#.#.##.# #.#.#
.#..........##.#.#.##.#####.#.#
.#..........##.#.#..........#.#
''..........##.#.#..#.......#.#
............##...#..#.......#'###


You could see a goliath beetle.

Vanquished Creatures
  An ogre (D:3)
  3 adders
  3 worms (D:2)
  A giant gecko (D:3)
  An ooze (D:1)
  A ball python (D:2)
  11 bats
  2 giant cockroaches
  4 hobgoblins
  14 jackals
  11 kobolds
  3 quokkas (D:2)
  3 giant newts
  7 goblins
  4 rats
69 creatures vanquished.

Notes
Turn   | Place    | Note
--------------------------------------------------------------
     0 | D:1      | Fiveotanaka, the Minotaur Assassin, began the quest for the Orb.
     0 | D:1      | Reached XP level 1. HP: 18/18 MP: 1/1
    90 | D:1      | Reached XP level 2. HP: 15/25 MP: 1/1
   763 | D:1      | Reached XP level 3. HP: 30/30 MP: 2/2
  1161 | D:2      | Reached skill level 1 in Maces & Flails
  1164 | D:2      | Found an opulent altar of Gozag.
  1175 | D:2      | Found Gozag's Platinum Reserve.
  1763 | D:2      | Reached XP level 4. HP: 37/37 MP: 2/2
  2618 | D:3      | Found a shattered altar of Ashenzari.
  2958 | D:3      | Noticed an ogre
  3083 | D:2      | Reached skill level 4 in Maces & Flails
  3257 | D:3      | Killed an ogre
  3257 | D:3      | Reached skill level 5 in Maces & Flails
  3257 | D:3      | Reached XP level 5. HP: 19/42 MP: 2/2
  3588 | D:3      | Mangled by a goliath beetle

Action                   |  1- 3 |  4- 6 || total
-------------------------+-------+-------++-------
Melee: Dagger            |    66 |       ||    66
       Mace              |    50 |    89 ||   139
 Stab: Sleeping          |     1 |       ||     1
  Eat: Chunk             |     3 |     5 ||     8
